 Dungeon Crawl Stone Soup version 0.30-a0-802-gb92711bcdf (webtiles) character file.

Game seed: 1544446112535401215

12261 dialectric the Spear-Bearer (level 11, -7/86 HPs)
             Began as a Demonspawn Fighter on Feb 22, 2023.
             Was a High Priest of Okawaru.
             Killed by the air
             ... invoked by Gastronok
              (35 damage)
             ... on level 2 of the Lair of Beasts on Feb 23, 2023.
             The game lasted 00:15:38 (12482 turns).

dialectric the Spear-Bearer (Demonspawn Fighter)   Turns: 12482, Time: 00:15:38

Health: -7/86      AC: 14    Str: 20    XL:     11   Next: 60%
Magic:  15/15      EV: 12    Int: 11    God:    Okawaru [*****.]
Gold:   601        SH:  0    Dex: 18    Spells: 10/10 levels left

rFire   . . .      SeeInvis .    f - +2 trident (venom)
rCold   . . .      Faith    .    (no shield)
rNeg    . . .      Spirit   .    b - +0 scale mail
rPois   .          Reflect  .    (helmet restricted)
rElec   .          Harm     .    P - +0 cloak
rCorr   .          Rampage  .    Q - +0 pair of gloves
Will    .....                    (no boots) Stlth
                                 (no amulet)
HPRegen 0.34/turn                p - +4 ring of slaying
MPRegen 0.14/turn                N - +6 ring of dexterity

@: frozen, studying Armour, very slow
A: antennae 1, slimy green scales 2, foul stench 1, spiny 2, noise suppression
a: Renounce Religion, Heroism, Finesse, Duel


You were on level 2 of the Lair of Beasts.
You worshipped Okawaru.
Okawaru was extremely pleased with you.
You visited 3 branches of the dungeon, and saw 13 of its levels.

You collected 601 gold pieces.

Inventory:

Hand Weapons
 a - a +0 long sword
 f - a +2 trident of venom (weapon)
 E - a +4 scimitar
 G - a +2 vampiric scimitar
Missiles
 h - 6 javelins (quivered)
 F - a curare-tipped dart
 V - a throwing net
Armour
 b - a +0 scale mail (worn)
 c - a +0 buckler
 m - a +0 helmet
 P - a +0 cloak (worn)
 Q - a +0 pair of gloves (worn)
Jewellery
 p - a +4 ring of slaying (left hand)
 A - a ring of resist corrosion
 K - a +6 ring of dexterity
 N - a +6 ring of dexterity (right hand)
 S - a ring of wizardry
 T - a +6 ring of intelligence
Wands
 n - a wand of iceblast (2)
 v - a wand of digging (7)
 x - a wand of acid (3)
 y - a wand of mindburst (26)
 B - a wand of flame (19)
 J - a wand of polymorph (17)
Scrolls
 e - 6 scrolls of identify
 g - a scroll of poison
 i - a scroll of vulnerability {unknown}
 o - a scroll of acquirement
 q - 4 scrolls of teleportation
 C - 2 scrolls of fear {unknown}
 D - a scroll of noise {unknown}
 H - a scroll of enchant weapon {unknown}
 I - a scroll of blinking
 L - a scroll of amnesia {unknown}
 M - 2 scrolls of immolation {unknown}
 O - a scroll of magic mapping {unknown}
Potions
 d - 3 potions of might
 j - a potion of berserk rage {unknown}
 k - a potion of invisibility {unknown}
 l - 3 potions of mutation
 r - 2 potions of ambrosia
 t - a potion of brilliance {unknown}
 w - 3 potions of curing
 z - 2 potions of degeneration {unknown}
 R - a potion of flight {unknown}
 U - a potion of magic {unknown}


   Skills:
 - Level 8.0 Fighting
 - Level 3.0 Long Blades
 - Level 11.1 Polearms
 + Level 10.9 Armour
 - Level 4.0 Dodging
 - Level 2.6 Shields
 * Level 6.6 Invocations
 - Level 1.1 Evocations


You had 10 spell levels left.
You didn't know any spells.
Your spell library contained the following spells:

 Spells                   Type           Power      Damage    Failure   Level
 Necrotise                Necr           0%         1d4       63%         1
 Vampiric Draining        Necr           0%         2d6       94%         3
 Olgreb's Toxic Radiance  Pois           0%         N/A       100%        4
 Agony                    Necr           0%         N/A       100%        5
 Ozocubu's Refrigeration  Ice            0%         4d7       100%        7
 Ignition                 Fire           0%         3d3       100%        8
 Chain Lightning          Conj/Air       0%         N/A       100%        9
 Fire Storm               Conj/Fire      0%         5d1       100%        9
 Shatter                  Erth           0%         3d5*      100%        9


Dungeon Overview and Level Annotations

Branches:
Dungeon (10/15)            Temple (1/1) D:4            Lair (2/5) D:10
    Orc (0/2) D:10
  Swamp: Lair:2-3    Shoals: Lair:2-3     Snake: Lair:2-3    Spider: Lair:2-3

Altars:
Dithmenos
Fedhas
Hepliaklqana
Makhleb
Nemelex Xobeh
Okawaru
Qazlal
Ru
Sif Muna
Uskayaw
Vehumet
Wu Jian
Xom

Annotations:
Lair:2 Gastronok, Maggie


Innate Abilities, Weirdness & Mutations

You have a pair of small antennae on your head.
You are mostly covered in slimy green scales. (AC +3)
You may rarely emit foul miasma when damaged in melee.
You are mostly covered in sharp spines.
You passively dampen the noise of your surroundings.


Message History

The blink frog barely misses you.
You miss the blink frog.
The blink frog is almost dead.
You kill the blink frog!
Okawaru accepts your kill. The black bear closely misses you.
The black bear claws you but does no damage. x2
You closely miss the black bear. You closely miss the black bear.
The black bear completely misses you. The black bear misses you.
The black bear claws you but does no damage.
You hit the black bear.
The black bear is poisoned.
The black bear is lightly wounded.
The black bear is struck by your spines.
The black bear closely misses you. x2; The black bear misses you.
You hit the black bear.
The black bear looks as sick as possible!
The black bear is heavily wounded.
You impale the black bear!!
You kill the black bear!
Okawaru accepts your kill.
You feel like a meek peon again.
Found a stone staircase leading down.
You see here a +0 rapier.
Found 14 gold pieces.
You see here a +0 long sword.
Gastronok the Ponderous comes into view.
He is wearing a +1 hat of see invisible.
Found 14 gold pieces.
Gastronok gurgles horribly!
Found a stone staircase leading up.
There is a stone staircase leading down here.
A rime drake comes into view.
Found a leather armour.
The rime drake hisses angrily.
The rime drake breathes ice at you. The icy flash freeze hits you!
You are encased in ice.
Gastronok waves his eye-stalks in wide circles.
The air twists around and strikes you!!
You die...

..#.. #..!.. P[.#
#.#..# P.....
#...##....##......
.###.................
.k...................
<..........†.......
#.................
#.....###P..P.....
#...@..###)#......
#....>......#.....
#......P..)##.....
........#.....# ....
..#......#....## ...
...#.....#...... ...
####.w...##...##$
#.....###.## .
......P #..


You could see Gastronok and a rime drake.

Vanquished Creatures
  2 two-headed ogres
  Pikel (D:8)
  2 cyclopes
  A gargoyle (D:10)
  5 cane toads
  A hornet (D:9)
  5 blink frogs
  A dream sheep (Lair:2)
  3 wraiths
  5 yaks (D:9)
  Eustachio (D:4)
  3 wyverns
  A basilisk (Lair:2)
  2 steam dragons
  2 water moccasins
  4 sky beasts
  An orc warrior (D:8)
  2 ice beasts
  3 black bears
  An ogre (D:7)
  4 wolves (Lair:2)
  4 centaurs
  7 bullfrogs
  2 necrophages
  2 scorpions
  3 gnoll sergeants
  13 wights
  4 killer bees (D:9)
  A howler monkey (D:6)
  4 orc priests
  4 hounds
  2 jellies
  Ijyb (D:5)
  11 iguanas
  6 orc wizards
  Robin (D:3)
  16 gnolls
  8 adders
  3 shadow imps
  2 white imps (D:6)
  3 ufetubi
  A worm (D:3)
  A dart slug (D:2)
  16 orcs
  3 ball pythons
  9 endoplasms
  A giant cockroach (D:1)
  11 hobgoblins
  2 jackals (D:2)
  4 quokkas
  4 bats
  3 frilled lizards
  17 goblins
  4 kobolds
  4 rats
227 creatures vanquished.

Vanquished Creatures (others)
  A dream sheep (Lair:2)
  5 fungi (Lair:2)
  4 plants (Lair:2)
10 creatures vanquished.

Grand Total: 237 creatures vanquished

Notes
Turn   | Place    | Note
-------+----------+-------------------------------------------
     0 | D:1      | dialectric the Demonspawn Fighter began the quest for the
                  | Orb.
     0 | D:1      | Reached XP level 1. HP: 18/18 MP: 1/1
   253 | D:1      | Gained mutation: You are partially covered in sharp spines.
                  | [demonic ancestry]
   253 | D:1      | Reached XP level 2. HP: 5/24 MP: 2/2
  1267 | D:2      | Gained mutation: You may rarely emit foul miasma when
                  | damaged in melee. [demonic ancestry]
  1267 | D:2      | Reached XP level 3. HP: 29/29 MP: 3/3
  1571 | D:2      | Reached skill level 1 in Dodging
  2395 | D:3      | Reached XP level 4. HP: 35/35 MP: 4/4
  2584 | D:3      | Noticed Robin
  2610 | D:3      | HP: 1/35 [poisoned by Robin]
  2720 | D:3      | Killed Robin
  3258 | D:4      | Noticed a necrophage
  3268 | D:4      | Killed a necrophage
  3269 | D:4      | Gained mutation: You are mostly covered in sharp spines.
                  | [demonic ancestry]
  3269 | D:4      | Reached XP level 5. HP: 41/41 MP: 5/5
  3335 | D:4      | Gained mutation: You have a beak for a mouth. [potion of
                  | mutation]
  3335 | D:4      | Gained mutation: You passively dampen the noise of your
                  | surroundings. [potion of mutation]
  3407 | D:4      | Noticed Eustachio
  3426 | D:4      | Found a shadowy altar of Dithmenos.
  3436 | D:4      | Killed Eustachio
  3437 | D:4      | Reached skill level 1 in Polearms
  3437 | D:4      | Reached XP level 6. HP: 42/48 MP: 6/6
  3490 | D:4      | Found a staircase to the Ecumenical Temple.
  3569 | D:4      | Reached skill level 2 in Polearms
  3791 | Temple   | Entered the Ecumenical Temple
  3803 | Temple   | Became a worshipper of Warmaster Okawaru
  4009 | D:4      | Found an ornate altar of the Wu Jian Council.
  4071 | D:5      | Entered Level 5 of the Dungeon
  4089 | D:5      | Found a sparkling altar of Nemelex Xobeh.
  4090 | D:5      | Noticed Ijyb
  4095 | D:5      | Killed Ijyb
  4285 | D:5      | Gained mutation: You are partially covered in slimy green
                  | scales. (AC +2) [demonic ancestry]
  4285 | D:5      | Reached XP level 7. HP: 54/54 MP: 7/7
  4483 | D:5      | Reached skill level 3 in Polearms
  4604 | D:5      | Found a hazy altar of Hepliaklqana.
  4605 | D:5      | Found a burning altar of Makhleb.
  5229 | D:5      | Found a radiant altar of Vehumet.
  5272 | D:6      | Reached skill level 5 in Armour
  5275 | D:6      | Reached * piety under Okawaru
  5276 | D:6      | Reached skill level 4 in Polearms
  5277 | D:6      | Noticed a steam dragon
  5427 | D:6      | Lost mutation: You have a beak for a mouth. [demonic
                  | ancestry]
  5427 | D:6      | Gained mutation: You have a pair of small antennae on your
                  | head. [demonic ancestry]
  5427 | D:6      | Reached XP level 8. HP: 50/61 MP: 8/8
  6016 | D:6      | Reached skill level 5 in Polearms
  6063 | D:6      | Reached skill level 5 in Fighting
  6253 | D:6      | Upgraded the game from 0.30-a0-800-g7c544603b3 to
                  | 0.30-a0-802-gb92711bcdf
  6273 | D:6      | Reached ** piety under Okawaru
  6422 | D:6      | Found a shimmering altar of Xom.
  6817 | D:6      | Reached XP level 9. HP: 44/68 MP: 9/9
  6822 | D:6      | Reached skill level 6 in Polearms
  7677 | D:7      | Reached skill level 7 in Polearms
  7678 | D:7      | Reached *** piety under Okawaru
  8106 | D:7      | Noticed a cyclops
  8202 | D:8      | Reached skill level 8 in Polearms
  8409 | D:8      | Identified 2 scrolls of acquirement
  8409 | D:8      | Acquired a manual of Armour
  8828 | D:8      | Noticed Pikel
  8835 | D:8      | Reached XP level 10. HP: 46/77 MP: 10/10
  8843 | D:8      | Killed Pikel
  9077 | D:8      | Reached skill level 9 in Polearms
  9416 | D:9      | Identified the +11 hand axe of Blood {pain, rF++ rN+}
  9435 | D:9      | Reached **** piety under Okawaru
  9541 | D:9      | Reached skill level 1 in Evocations
  9629 | D:9      | Found a blossoming altar of Fedhas.
  9809 | D:9      | Noticed a two-headed ogre
  9818 | D:9      | Killed a two-headed ogre
  9818 | D:9      | Received a gift from Okawaru
  9819 | D:9      | Reached skill level 10 in Polearms
  9819 | D:9      | Reached skill level 1 in Invocations
  9843 | D:10     | Entered Level 10 of the Dungeon
  9947 | D:10     | Found a staircase to the Orcish Mines.
  9991 | D:10     | Noticed a gargoyle
 10002 | D:10     | Killed a gargoyle
 10081 | D:10     | Noticed a cyclops
 10087 | D:10     | Killed a cyclops
 10279 | D:10     | Noticed a two-headed ogre
 10286 | D:10     | Killed a two-headed ogre
 10287 | D:10     | Gained mutation: You are mostly covered in slimy green
                  | scales. (AC +3) [demonic ancestry]
 10287 | D:10     | Reached XP level 11. HP: 20/85 MP: 13/13
 11245 | D:10     | Found a staircase to the Lair.
 11276 | Lair:1   | Entered Level 1 of the Lair of Beasts
 11349 | Lair:1   | Reached ***** piety under Okawaru
 11696 | Lair:1   | Reached skill level 11 in Polearms
 12333 | Lair:2   | Reached skill level 5 in Invocations
 12335 | Lair:2   | Reached skill level 10 in Armour
 12337 | Lair:2   | Noticed Maggie
 12479 | Lair:2   | Noticed Gastronok
 12482 | Lair:2   | Killed from afar by Gastronok

Illustrated notes

Levels and vault maps discovered:
D:1:      dpeg_arrival_renting, layout_basic
D:2:      layout_loops_corners
D:3:      layout_basic, amcnicky_mini_pool_small, uniq_robin
D:4:      layout_cave_pools, marbit_many_paths, nicolae_dithmenos_shadow_blocks,
          minmay_temple_entry_antechambers, saegor_snake_ambush, uniq_eustachio
D:5:      layout_basic, gammafunk_temple_overflow_forgotten,
          mainiacjoe_overflow_alcove_1, nicolae_concentric_dashed_squares_mild,
          nicolae_sextant, corexii_corridor_pit, uniq_ijyb
D:6:      minmay_chambers_of_threes, layout_basic,
          nicolae_overflow_crystal_walls, corexii_corridor_pit
D:7:      layout_loops_ring, wad_rectangle_vault
D:8:      layout_basic, uniq_pikel
D:9:      layout_basic, fedhas_altar_4, minmay_liquid_box,
          kennysheep_generic_room_16, uniq_psyche
D:10:     layout_long_grid, lair_entry_dummy, orc_0_dummy, serial_shops,
          nicolae_shop_stone, hangedman_decor_points, lightli_corner_chamber
Temple:   eino_temple_water
Lair:1:   layout_regular_city, grunt_megastairs_1, lemuel_fruit_tree
Lair:2:   layout_regular_city, enter_volcano_4, bh_autumn_forest_stairs,
          serial_bayou_pond_d, uniq_fannar, uniq_maggie, uniq_gastronok

Skill      XL: |  1  2  3  4  5  6  7  8  9 10 11 |
---------------+----------------------------------+-----
Long Blades    | 2 3 |  3.0
Armour         | 3 4 5 6 7 9 10 | 10.9
Dodging        | 1 2 3 4 |  4.0
Polearms       | 1 2 4 5 8 10 11 | 11.1
Fighting       | 4 5 6 7 8 |  8.0
Evocations     | 1 |  1.1
Invocations    | 3 6 |  6.6
Shields        | |  2.6

Action                     |  1- 3 |  4- 6 |  7- 9 | 10-12 || total
---------------------------+-------+-------+-------+-------++-------
  Melee: Long sword        |    93 |    18 |       |       ||   111
         Trident           |       |    54 |   275 |   207 ||   536
         Peck              |       |     6 |     9 |       ||    15
         Punch             |       |       |     1 |     3 ||     4
  Throw: Javelin           |     3 |       |     3 |     4 ||    10
         Dart              |       |       |       |     5 ||     5
 Invoke: Heroism           |       |       |     1 |     3 ||     4
  Evoke: Wand              |       |       |     4 |    13 ||    17
    Use: Potion            |       |     6 |     2 |     3 ||    11
         Scroll            |       |     1 |     4 |     4 ||     9
 Armour: Scale mail        |    44 |    30 |    89 |    57 ||   220
  Dodge: Dodged            |    50 |    44 |   129 |   101 ||   324

Table legend: (Time is in decaauts)
 A = Elapsed time spent in this place.
 B = Non-inter-level travel time spent in this place.
 C = Inter-level travel time spent in this place.
 D = Time resting spent in this place.
 E = Time spent auto-exploring this place.
 F = Levels seen in this place.
 G = Mean time per level.
                   A        B        C        D        E       F      G
               +--------+--------+--------+--------+--------+-----+--------+
         Total |  12501 |  12010 |    491 |   1371 |   8803 |  13 |  961.6 |
       Dungeon |  11309 |  10859 |    450 |   1175 |   8133 |  10 | 1130.9 |
        Temple |     22 |     12 |     10 |      0 |      1 |   1 |   22.0 |
          Lair |   1168 |   1138 |     30 |    196 |    669 |   2 |  584.0 |
               +--------+--------+--------+--------+--------+-----+--------+

Top non-repeatable levels by time:
     D:5: 1897 daAuts
     D:6: 1415 daAuts
     D:3: 1215 daAuts
     D:8: 1180 daAuts
     D:7: 1141 daAuts
  Lair:1: 1059 daAuts
     D:2: 1039 daAuts
     D:1: 1007 daAuts
     D:4: 846 daAuts
     D:9: 837 daAuts
    D:10: 726 daAuts
  Lair:2: 109 daAuts
  Temple: 22 daAuts
